 Dungeon Crawl Stone Soup version 0.17-a0-1614-g2062e81 (webtiles) character file.

522789 Ghalim the Shatterer (level 25, 0/124 HPs)
             Began as a Gargoyle Fighter on July 31, 2015.
             Was a High Priest of Okawaru.
             Killed from afar by a starcursed mass (4 damage)
             ... with an accursed screaming
             ... on level 3 of the Abyss on Aug 1, 2015.
             The game lasted 04:39:01 (77363 turns).

Ghalim the Shatterer (Gargoyle Fighter)            Turns: 77363, Time: 04:39:01

Health: 0/124      AC: 56    Str: 31 (32) XL:     25   Next: 35%
Magic:  25/25      EV:  5    Int: -3 (7)  God:    Okawaru [*****.]
Gold:   2276       SH: 16    Dex:  8      Spells: 0 memorised, 24 levels left

rFire  + + +     SeeInvis .     A - +3 mace of Internal Strife {crush, rPois rN+ Str+4}
rCold  + + .     Rnd*Rage +     k - +8 crystal plate armour "Veju" {+Inv}
rNeg   + + .     SustAt   .     c - +0 shield
rPois  ∞         Gourm    .     v - +2 hat {MR+}
rElec  +         Spirit   .     a - +0 cloak "Saits" {rC++}
rCorr  .         Warding  .     K - +2 pair of gloves {Str+3}
rMut   +         Rnd*Tele +     y - +1 pair of boots {run}
MR     ++...                    J - amulet of resist mutation
Stlth  ..........               M - ring "Hokkiom" {+Inv rF+++ MP+9 Slay-3}
                                b - -2 ring of evasion (curse)

@: very slightly contaminated, slowed, lost intelligence, very slow, very
resistant to hostile enchantments, extremely unstealthy
A: big wings, berserk 1, blurry vision 3, clumsy 1, deformed body, deterioration
2, dopey 2, frail 3, low mp 3, negative energy resistance 1, screaming 3,
electricity resistance, slow healing 2, teleportitis 1, weak 2, unbreathing,
petrification resistance, no device heal 1, rot immunity, subdued magic 1,
MP-powered wands, AC +19
a: Fly, Heroism, Finesse, Renounce Religion, Evoke Invisibility
}: 3/15 runes: serpentine, barnacled, silver


You were on level 3 of the Abyss.
You worshipped Okawaru.
Okawaru was extremely pleased with you.
You were very hungry.

You visited 9 branches of the dungeon, and saw 46 of its levels.
You visited the Abyss 2 times.
You also visited: Sewer and Ice Cave.

You collected 6861 gold pieces.
You spent 4585 gold pieces at shops.

Inventory:

Hand weapons
 A - the +3 mace of Internal Strife (weapon) {crush, rPois rN+ Str+4}
   (Okawaru gifted it to you on level 3 of the Snake Pit)

   It inflicts extra damage upon your enemies.
   It affects your strength (+4).
   It protects you from poison.
   It protects you from negative energy.
Armour
 a - the +0 cloak "Saits" (worn) {rC++}
   (You found it on level 8 of the Lair of Beasts)

   It greatly protects you from cold.
 c - a +0 shield (worn)
 k - the +8 crystal plate armour "Veju" (worn) {+Inv}
   (Okawaru gifted it to you on level 14 of the Dungeon)

   It lets you turn invisible.
 n - a +3 chain mail of cold resistance
 v - a +2 hat of magic resistance (worn)
 y - a +1 pair of boots of running (worn)
 K - a +2 pair of gloves of strength (worn)
Jewellery
 b - a cursed -2 ring of evasion (left hand)
 B - the ring of Shadows {Umbra +Inv rN+ SInv}
   (You took it off a deep elf priest on level 3 of the Elven Halls)

   [ring of invisibility]

   It protects you from negative energy.
   It lets you see invisible.
   It lets you turn invisible.
 D - the amulet of the Four Winds {Clar rN+ MR+++}
   (You bought it in a shop on level 4 of the Orcish Mines)

   [amulet of clarity]

   It provides mental clarity.
   It protects you from negative energy.
   It affects your resistance to hostile enchantments.
 H - a +5 ring of slaying
 J - an amulet of resist mutation (around neck)
 M - the ring "Hokkiom" (right hand) {+Inv rF+++ MP+9 Slay-3}
   (You found it on level 2 of the Elven Halls)

   [ring of magical power]

   It affects your accuracy and damage with ranged weapons and melee attacks
   (-3).
   It renders you almost immune to fire.
   It affects your magic capacity (+9).
   It lets you turn invisible.
 V - an uncursed ring of sustain attributes
Magical devices
 m - a wand of frost (25)
 s - a wand of digging (5)
 t - a wand of heal wounds (0)
 z - a wand of teleportation (0)
 C - a wand of digging (6)
 W - a wand of fireball (5)
Scrolls
 f - a scroll of recharging
 h - 5 scrolls of enchant armour
 i - 8 scrolls of enchant weapon
 p - 25 scrolls of remove curse
 q - 4 scrolls of blinking
 w - a scroll of magic mapping
 F - 6 scrolls of identify
 L - a scroll of acquirement
Potions
 d - 11 potions of might
 g - 3 potions of resistance
 o - 20 potions of curing
 r - 4 potions of haste
 u - a potion of cure mutation
 P - 3 potions of beneficial mutation
 Y - a potion of experience
Books
 E - a book of Ice

   Spells                             Type                      Level
   a - Ice Form                       Ice/Transmutation            4
   b - Metabolic Englaciation         Hexes/Ice                    5
   c - Ozocubu's Refrigeration        Ice                          6
   d - Bolt of Cold                   Conjuration/Ice              6
   e - Freezing Cloud                 Conjuration/Ice/Air          6
   f - Simulacrum                     Ice/Necromancy               6
 T - a book of Minor Magic

   Spells                             Type                      Level
   a - Magic Dart                     Conjuration                  1
   b - Blink                          Translocation                2
   c - Call Imp                       Summoning                    2
   d - Repel Missiles                 Charms/Air                   2
   e - Slow                           Hexes                        2
   f - Conjure Flame                  Conjuration/Fire             3
   g - Mephitic Cloud                 Conjuration/Poison/Air       3
Comestibles
 e - 19 bread rations
 j - 34 beef jerkies
 l - 11 slices of pizza
 x - 5 meat rations
 G - 39 fruits


   Skills:
 - Level 24.1 Fighting
 - Level 25.0 Maces & Flails
 + Level 19.3 Armour
 + Level 19.3 Shields


You had 24 spell levels left.
You didn't know any spells.

Dungeon Overview and Level Annotations

Branches:
Dungeon (15/15)            Temple (1/1) D:4            Lair (8/8) D:8
 Shoals (4/4) Lair:5        Snake (4/4) Lair:3        Slime (0/6) Lair:6
    Orc (4/4) D:9             Elf (3/3) Orc:4        Vaults (5/5) D:14
  Crypt (0/3) Vaults:3     Depths (2/5) D:15

Altars:
Ashenzari
Cheibriados
Dithmenos
Elyvilon
Fedhas
Gozag
Kikubaaqudgha
Makhleb
Nemelex Xobeh
Okawaru
Qazlal
Ru
Sif Muna
Trog
Vehumet
Xom
Yredelemnul
Zin
The Shining One
Beogh

Shops:
D:7 (   D:14 :   Orc:4 =([?   Elf:2 (   Vaults:3 (   Vaults:5 [!!*?
Depths:1 }!*}

Portals:
Hell: Depths:1
Abyss: Depths:1
Pandemonium: Depths:1


Innate Abilities, Weirdness & Mutations

You are resistant to torment.
Your stone body is resilient (AC +19).
You are immune to poison.
Your large and strong wings let you fly indefinitely.
You resist negative energy.
You are resistant to electric shocks.
You can survive without breathing.
You are immune to petrification.
You are immune to rotting.
[You tend to lose your temper in combat.]
[Scrolls take you much longer to read.]
[You are clumsy. (Dex -2)]
[Armour fits poorly on your strangely shaped body.]
[Your body often deteriorates upon taking damage.]
[You are very dopey. (Int -4)]
[You are extremely frail (-30% HP).]
[Your magical capacity is extremely low (-30% MP).]
[You frequently scream uncontrollably at your foes.]
[You do not heal naturally when monsters are visible.]
[You are occasionally teleported to nearby monsters.]
[You are very weak. (Str -4)]
[Potions and wands are less effective at restoring your health.]
[Your spells are a little easier to cast, but a little less powerful.]
[You expend magic power (3 MP) to strengthen your wands.]


Message History

The sixfirhy hits you but does no damage. x2
The starcursed mass shrieks in your mind.
* * * LOW HITPOINT WARNING * * *
The sixfirhy hits you but does no damage.
You block the sixfirhy's attack.
The starcursed mass shrieks in your mind.
* * * LOW HITPOINT WARNING * * *
You block the sixfirhy's attack.
You scream at the wretched star!
A wretched star comes into view.
You scream at the wretched star!
Evoke which item? (* to show all) (? for menu, Esc to quit)
Zapping:
t - a wand of heal wounds {zapped: 5} (will waste charges)
Press: ? - help, Shift-Dir - straight line, f - you Nothing appears to happen.
The sixfirhy hits you but does no damage.
You block the sixfirhy's attack.
The sixfirhy hits you but does no damage.
The starcursed mass shrieks in your mind.
You die...

. . . ..#.# .
...# .#X## ..#
# ....#.#.*###
###.## .
##.##.#.#......
.# #...X.#.....
# ..# ##
#....## . ..#
#. ###..####..#
. # #..#....# #
##.###X.@###
#...##.#4#
#...##.#
#?.#...3## #.
###.## .3..
##...# .#. . .#
...#


You could see a starcursed mass, a wretched star, a thrashing horror, a sixfirhy
and a neqoxec.

Vanquished Creatures
  An ancient lich (Vaults:5)
  Vashnia (Snake:2)
  2 golden dragons (Vaults:5)
  A bone dragon (Abyss:3)
  Rupert (Lair:6)
  3 tentacled monstrosities
  2 titans (Vaults:5)
  4 deep elf blademasters
  5 deep elf master archers
  A quicksilver dragon (Vaults:5)
  4 tentacled starspawn
  Polyphemus (Shoals:2)
  Gastronok (Lair:2)
  An octopode crusher (Shoals:3)
  5 shadow dragons
  Kirke (Lair:5)
  5 storm dragons
  A sphinx (Vaults:1)
  12 greater nagas
  3 fire giants
  The ghost of kazza789 the Warrior, a mighty GrFi of Okawaru (Elf:3)
  Ilsuiw (Shoals:3)
  6 tengu reavers
  Donald (Snake:3)
  16 vault wardens
  13 deep elf sorcerers
  Aizul (Shoals:2)
  Louise (D:15)
  6 frost giants
  7 large abominations
  11 stone giants
  17 ironheart preservers
  2 war gargoyles (Vaults:5)
  A reaper (Abyss:3)
  A vampire knight (D:15)
  9 very ugly things
  Nessos (Lair:7)
  The ghost of Shenaniganizer the Grappler, a powerful DrTm of Nemelex Xobeh (IceCv)
  Azrael (D:14)
  A salamander stormcaller (Vaults:2)
  13 deep elf demonologists
  A lorocyproca (Abyss:3)
  2 jiangshi (Depths:1)
  12 deep elf annihilators
  Snorg (D:12)
  2 merfolk javelineers
  3 fire dragons
  2 blizzard demons (IceCv)
  6 ettins
  4 great orbs of eyes
  6 deep elf death magi
  31 vault guards
  The ghost of Guenter the Fighter, a powerful HOMo of Ru (D:11)
  7 deep elf high priests
  Josephine (Lair:5)
  17 yaktaur captains
  11 merfolk impalers
  3 ice dragons (Depths:1)
  16 naga warriors
  2 death knights (Vaults:3)
  7 centaur warriors
  16 ogre magi
  2 merfolk avatars
  An alligator snapping turtle (Shoals:4)
  17 dancing weapons
  10 merfolk aquamancers
  2 deep troll earth magi
  A catoblepas (Shoals:2)
  13 anacondas
  3 satyrs
  9 hydras
  8 tengu warriors
  An orc high priest (Elf:2)
  2 deep troll shamans
  2 death yaks (Shoals:2)
  5 thrashing horrors (Abyss:3)
  A vampire mage (Depths:1)
  Urug (D:10)
  6 shock serpents
  15 naga sharpshooters
  Sonja (D:11)
  2 shadow wraiths
  2 iron trolls (Depths:1)
  6 small abominations
  4 skeletal warriors (Vaults:2)
  5 ice devils (IceCv)
  2 fire crabs
  A death drake (Abyss:3)
  19 sea snakes
  A quicksilver dragon simulacrum (Abyss:3)
  17 deep elf summoners
  21 deep elf knights
  2 salamander mystics (Snake:4)
  A giant orange brain (shapeshifter) (Vaults:5)
  6 giant orange brains
  A flayed ghost (Depths:1)
  22 deep trolls
  A wizard (Vaults:3)
  5 phantasmal warriors
  8 naga ritualists
  A wolf spider zombie (D:15)
  25 deep elf conjurers
  An unseen horror (Vaults:1)
  A necromancer (Vaults:5)
  4 harpies (Shoals:1)
  6 hill giants
  9 water nymphs
  14 ironbrand convokers
  2 orc sorcerers
  24 orc knights
  2 wolf spiders
  A manticore (shapeshifter) (Vaults:5)
  17 manticores
  A stone giant zombie (Abyss:3)
  32 ugly things
  8 cyclopes
  17 mana vipers
  A wolf spider (shapeshifter) (Elf:2)
  10 fauns
  19 griffons
  A worldbinder (Abyss:3)
  7 salamanders
  17 sirens
  An apocalypse crab (Abyss:3)
  A storm dragon simulacrum (Vaults:5)
  A sixfirhy (Abyss:3)
  19 elephants
  Joseph (D:8)
  3 guardian serpents
  20 vault sentinels
  25 naga magi
  3 orange demons (Abyss:3)
  9 komodo dragons
  51 black mambas
  A torpor snail (Lair:7)
  A smoke demon (Abyss:3)
  12 spiny frogs
  3 kobold demonologists
  2 tormentors (Abyss:3)
  A gargoyle (D:15)
  A rust devil (Abyss:3)
  2 komodo dragons (shapeshifter)
  6 ancient zymes
  6 anaconda simulacra (IceCv)
  39 yaktaurs
  3 efreet
  13 deep elf priests
  A demonic crawler (Abyss:3)
  4 fire drakes
  2 tengu conjurers
  2 hellwings (Abyss:3)
  20 merfolk
  9 raiju
  2 trolls (shapeshifter)
  A wind drake (Shoals:4)
  A blue devil (IceCv)
  7 trolls
  9 polar bears
  9 freezing wraiths
  5 boulder beetles
  31 two-headed ogres
  A boulder beetle (shapeshifter) (Elf:1)
  32 slime creatures
  16 snapping turtles
  A trapdoor spider zombie (D:11)
  2 vampires
  49 yaks
  5 blink frogs (Lair:7)
  8 redbacks
  A spriggan (shapeshifter) (Vaults:1)
  2 trapdoor spiders (shapeshifter) (Vaults:1)
  2 tarantellas
  A flying skull (Abyss:1)
  17 water elementals
  38 deep elf magi
  A fire dragon skeleton (Abyss:3)
  8 wraiths
  3 fire bats (Abyss:3)
  A shadow (D:15)
  3 dire elephant simulacra (IceCv)
  2 wyverns
  4 hogs (Lair:5)
  A hippogriff (shapeshifter) (Elf:2)
  A basilisk (D:14)
  47 deep elf fighters
  6 fire elementals
  2 hungry ghosts
  A black mamba skeleton (Abyss:3)
  A hog (shapeshifter) (Vaults:1)
  3 chaos spawn (Abyss:3)
  17 hippogriffs
  A ynoxinul (Abyss:3)
  An elf skeleton (Vaults:5)
  Menkaure (D:7)
  2 neqoxecs (Abyss:3)
  23 wolves
  53 nagas
  An iron troll simulacrum (IceCv)
  15 wargs
  3 mottled dragons
  30 vampire mosquitoes
  25 water moccasins
  2 harpy simulacra (IceCv)
  2 hydra simulacra (IceCv)
  An eye of draining (Abyss:3)
  6 porcupines
  6 sky beasts
  A deep troll skeleton (Vaults:5)
  48 orc warriors
  An ettin simulacrum (IceCv)
  2 ice beasts
  An alligator simulacrum (IceCv)
  7 hell hounds
  2 phantoms
  An eye of draining (shapeshifter) (Vaults:4)
  A manticore zombie (Abyss:3)
  12 black bears (Lair:8)
  50 ogres
  A centaur (shapeshifter) (Vaults:5)
  23 crocodiles
  5 big kobolds
  42 centaurs
  21 giant frogs
  A wyvern zombie (D:6)
  A gnoll sergeant (D:9)
  A wyvern skeleton (D:12)
  A water moccasin zombie (D:5)
  7 killer bees
  6 scorpions
  A troll zombie (D:9)
  An elf simulacrum (Vaults:2)
  13 wights
  An electric eel (Lair:1)
  A draconian simulacrum (IceCv)
  3 crimson imps
  A starcursed mass (Abyss:3)
  A giant frog skeleton (D:12)
  5 centaur zombies
  15 jellies
  4 gnoll shamans
  4 centaur skeletons
  18 hounds
  3 giant frog zombies
  2 iron imps (Abyss:3)
  30 orc wizards
  14 worker ants
  Jessica (D:3)
  31 orc priests
  Terence (D:2)
  7 troll simulacra (IceCv)
  Natasha (twice) (D:4)
  9 iguanas
  2 polar bear simulacra (IceCv)
  A spriggan simulacrum (IceCv)
  4 hell rats (Lair:4)
  2 wolf simulacra (IceCv)
  A killer bee zombie (D:8)
  49 sheep
  7 ogre zombies
  2 hound zombies (D:5)
  A hound skeleton (D:9)
  2 ogre simulacra (IceCv)
  A worker ant zombie (D:6)
  45 gnolls
  A naga simulacrum (IceCv)
  46 river rats
  10 shadow imps
  17 adders
  5 white imps (IceCv)
  6 ufetubi
  A worm (D:5)
  An adder skeleton (D:5)
  170 orcs
  3 ball pythons
  4 goblins
  10 hobgoblins
  5 bats
  5 giant cockroaches
  2 giant geckos
  6 giant newts
  5 goblin zombies (D:9)
  4 hobgoblin skeletons (D:9)
  A hobgoblin zombie (D:9)
  21 jackals
  A jackal skeleton (D:10)
  A jackal zombie (D:7)
  25 kobolds
  2 orc skeletons (D:9)
  13 orc zombies (D:9)
  2 quokkas
  2 quokka skeletons
  12 rats
  2 fungi
  A plant (Lair:8)
  A starspawn tentacle (Abyss:2)
2443 creatures vanquished.

Vanquished Creatures (others)
  An eldritch tentacle (Vaults:5)
  An ironheart preserver (Vaults:2)
  An ogre mage (Vaults:1)
  A yaktaur captain (D:14)
  A merfolk aquamancer (Shoals:4)
  2 deep elf knights (Elf:2)
  A deep elf conjurer (Elf:2)
  A guardian serpent (Snake:4)
  A centaur skeleton (D:14)
  A deep elf priest (Elf:2)
  A two-headed ogre (Vaults:3)
  A small abomination (Abyss:3)
  A centaur (shapeshifter) (Vaults:2)
  An adder (D:5)
  A shadow imp (D:5)
  4 briar patches (Abyss:3)
  100 eldritch tentacle segments (Vaults:5)
  50 fungi
  4 lurking horrors
  61 plants
  20 starspawn tentacles
  74 starspawn tentacle segments
329 creatures vanquished.

Grand Total: 2772 creatures vanquished

Notes
Turn   | Place    | Note
--------------------------------------------------------------
     0 | D:1      | Ghalim the Gargoyle Fighter began the quest for the Orb.
     0 | D:1      | Reached XP level 1. HP: 14/14 MP: 1/1
   245 | D:1      | Reached XP level 2. HP: 17/19 MP: 2/2
   267 | D:1      | Found a sparkling altar of Nemelex Xobeh.
   617 | D:2      | Found a shattered altar of Ashenzari.
   958 | D:2      | Reached XP level 3. HP: 22/24 MP: 3/3
  1094 | D:2      | Found a sacrificial altar of Ru.
  1261 | D:2      | Noticed Terence
  1309 | D:3      | Noticed a scorpion
  1603 | D:3      | Noticed Jessica
  1603 | D:3      | Noticed a scorpion
  1792 | D:2      | Killed Terence
  1792 | D:2      | Reached skill level 4 in Fighting
  1792 | D:2      | Reached XP level 4. HP: 27/29 MP: 4/4
  1838 | D:3      | Killed a scorpion
  1838 | D:3      | Reached XP level 5. HP: 22/34 MP: 5/5
  2237 | D:3      | Found a glowing silver altar of Zin.
  2240 | D:3      | Found a bloodstained altar of Trog.
  2240 | D:3      | Found a snail-covered altar of Cheibriados.
  2241 | D:3      | Found a white marble altar of Elyvilon.
  2241 | D:3      | Found a stormy altar of Qazlal.
  2419 | D:3      | Killed a scorpion
  2652 | D:3      | Killed Jessica
  2652 | D:3      | Reached skill level 5 in Maces & Flails
  2783 | D:3      | Reached XP level 6. HP: 40/40 MP: 6/6
  2970 | D:4      | Found a staircase to the Ecumenical Temple.
  3005 | Temple   | Entered the Ecumenical Temple
  3052 | Temple   | Became a worshipper of Warmaster Okawaru
  3102 | D:4      | Reached skill level 5 in Fighting
  3943 | D:3      | Reached skill level 6 in Maces & Flails
  4055 | D:3      | Reached XP level 7. HP: 34/44 MP: 7/7
  4723 | D:4      | Noticed Natasha
  4729 | D:4      | Killed Natasha
  4744 | D:4      | Reached skill level 7 in Maces & Flails
  4799 | D:4      | Acquired Okawaru's first power
  4828 | D:4      | Noticed a two-headed ogre
  4908 | D:4      | Reached XP level 8. HP: 27/51 MP: 8/8
  5086 | D:4      | Noticed Natasha
  5094 | D:4      | Killed Natasha
  5242 | D:4      | Reached skill level 8 in Maces & Flails
  5737 | D:5      | Entered Level 5 of the Dungeon
  5932 | D:5      | Found a glowing drain.
  5936 | Sewer    | Entered a sewer
  6075 | Sewer    | Found a glowing silver altar of Zin.
  6242 | D:5      | Got a scorched cloak
  7030 | D:6      | Found an ancient bone altar of Kikubaaqudgha.
  7123 | D:5      | Identified the +0 cloak of Postitt {Int+3 Dex+6 Slay-4} (You found it on level 5 of the Dungeon)
  7143 | D:5      | Reached XP level 9. HP: 41/60 MP: 9/9
  7770 | D:6      | Found a bloodstained altar of Trog.
  7829 | D:6      | Reached skill level 5 in Shields
  7888 | D:6      | Reached skill level 5 in Armour
  8538 | D:6      | Found a deep blue altar of Sif Muna.
  9247 | D:7      | Noticed Menkaure
  9889 | D:7      | Noticed Joseph
 10160 | D:7      | Found Rucsih's Weapon Shop.
 10247 | D:8      | Killed Joseph
 10498 | D:7      | Found a glowing golden altar of the Shining One.
 10648 | D:7      | Killed Menkaure
 10648 | D:7      | Reached XP level 10. HP: 54/65 MP: 7/10
 10927 | D:8      | Found a staircase to the Lair.
 10928 | D:8      | Noticed a komodo dragon
 11644 | D:8      | Got a jewelled hand axe
 12253 | D:9      | Found a staircase to the Orcish Mines.
 12326 | D:9      | Reached skill level 9 in Fighting
 13162 | D:9      | Noticed a hill giant
 13176 | D:9      | Killed a hill giant
 13388 | D:9      | Identified the +4 hand axe of the Original Sin {chop, Int+8 Stlth+} (You found it on level 8 of the Dungeon)
 13401 | D:8      | HP: 3/67 [komodo dragon (24)]
 14086 | D:8      | Killed a komodo dragon
 14086 | D:8      | Reached skill level 10 in Fighting
 14525 | D:10     | Entered Level 10 of the Dungeon
 14554 | D:10     | Reached skill level 10 in Maces & Flails
 14554 | D:10     | Reached XP level 11. HP: 52/73 MP: 11/11
 15081 | D:10     | Noticed Urug
 15194 | Lair:1   | Entered Level 1 of the Lair of Beasts
 15609 | Lair:1   | Reached skill level 11 in Fighting
 15623 | Lair:1   | Acquired Okawaru's second power
 17196 | Lair:2   | Noticed Gastronok
 17770 | Lair:3   | Found a staircase to the Snake Pit.
 17782 | Lair:3   | Received a gift from Okawaru
 17819 | Lair:3   | Reached skill level 12 in Fighting
 18436 | Lair:3   | Reached XP level 12. HP: 56/82 MP: 12/12
 19376 | Lair:3   | Reached skill level 13 in Fighting
 19395 | Lair:3   | Received a gift from Okawaru
 21197 | Lair:5   | Noticed Kirke
 21423 | Lair:5   | Killed Kirke
 21423 | Lair:5   | Reached skill level 14 in Maces & Flails
 21423 | Lair:5   | Reached XP level 13. HP: 66/89 MP: 11/13
 21543 | Lair:5   | Noticed Josephine
 21564 | Lair:5   | Killed Josephine
 21678 | Lair:5   | Found a staircase to the Shoals.
 21774 | Lair:5   | Noticed a four-headed hydra
 21785 | Lair:5   | Killed a four-headed hydra
 21930 | Lair:5   | Received a gift from Okawaru
 21933 | Lair:5   | Got a polished great mace {god gift}
 21941 | Lair:5   | Identified the +7 great mace "Ebupa" {crush, *Corrode +Blink Dex+4 Stlth+} (Okawaru gifted it to you on level 5 of the Lair of Beasts)
 22916 | Lair:6   | Found a staircase to the Slime Pits.
 23046 | Lair:6   | Reached skill level 15 in Maces & Flails
 23252 | Lair:6   | Noticed Rupert
 23287 | Lair:6   | Killed Rupert
 23807 | Lair:6   | Received a gift from Okawaru
 24524 | Lair:7   | Reached skill level 15 in Fighting
 25058 | Lair:7   | Reached skill level 16 in Maces & Flails
 25058 | Lair:7   | Gained mutation: Your large and strong wings let you fly indefinitely. [Gargoyle growth]
 25058 | Lair:7   | Reached XP level 14. HP: 77/98 MP: 14/14
 26200 | Lair:8   | Entered Level 8 of the Lair of Beasts
 26335 | Lair:8   | Noticed Nessos
 26554 | Lair:7   | Killed Nessos
 26691 | Lair:7   | Received a gift from Okawaru
 26692 | Lair:7   | Got a bone demon whip {god gift}
 26816 | Lair:8   | Identified the +2 demon whip "Ythotomi" {speed, rPois} (Okawaru gifted it to you on level 7 of the Lair of Beasts)
 27688 | Lair:8   | Reached skill level 10 in Armour
 27697 | Lair:8   | Reached skill level 10 in Shields
 28290 | Lair:8   | Got a warped cloak
 28454 | Lair:8   | Identified the +0 cloak "Saits" {rC++} (You found it on level 8 of the Lair of Beasts)
 28721 | Lair:2   | Killed Gastronok
 29115 | D:10     | Killed Urug
 29533 | D:11     | Noticed Sonja
 29701 | D:11     | Noticed Guenter's ghost (powerful HOMo)
 29733 | D:11     | Killed Guenter's ghost
 29733 | D:11     | Received a gift from Okawaru
 29733 | D:11     | Reached XP level 15. HP: 103/103 MP: 13/15
 29751 | D:11     | Got a slimy demon whip {god gift}
 29753 | D:11     | Identified the +7 demon whip of Uncomfortable Rashes {freeze, Dex+3} (Okawaru gifted it to you on level 11 of the Dungeon)
 30028 | D:11     | Killed Sonja
 30317 | D:11     | Found a runed door.
 30401 | D:11     | Found a roughly hewn altar of Beogh.
 30603 | D:12     | Noticed Snorg
 30633 | D:12     | Killed Snorg
 30633 | D:12     | Received a gift from Okawaru
 31836 | D:13     | Found a shadowy altar of Dithmenos.
 32272 | Orc:1    | Entered Level 1 of the Orcish Mines
 33384 | Orc:3    | Found a radiant altar of Vehumet.
 34086 | Orc:4    | Entered Level 4 of the Orcish Mines
 34135 | Orc:4    | Found a roughly hewn altar of Beogh.
 34222 | Orc:4    | Found a staircase to the Elven Halls.
 34491 | Orc:4    | Found a roughly hewn altar of Beogh.
 34865 | Orc:4    | Found Ykip's Antique Armour Shop.
 34865 | Orc:4    | Found Befrujoo's Weapon Emporium.
 34867 | Orc:4    | Found Toemaomu's Jewellery Shoppe.
 34869 | Orc:4    | Found Zetasid's Magic Scroll Boutique.
 34959 | Orc:4    | Bought a pair of runed gloves for 130 gold pieces
 34981 | Orc:4    | Bought the amulet of the Four Winds {Clar rN+ MR+++} for 551 gold pieces
 34981 | Orc:4    | Bought a +5 ring of slaying for 1478 gold pieces
 34981 | Orc:4    | Bought an uncursed amulet of resist mutation for 520 gold pieces
 34992 | Orc:4    | Bought a scroll of identify for 28 gold pieces
 34992 | Orc:4    | Bought a scroll of identify for 28 gold pieces
 34992 | Orc:4    | Bought a scroll of identify for 28 gold pieces
 34992 | Orc:4    | Bought a scroll of remove curse for 42 gold pieces
 34992 | Orc:4    | Bought a scroll of teleportation for 42 gold pieces
 34992 | Orc:4    | Bought 2 scrolls of remove curse for 84 gold pieces
 35463 | D:14     | Received a gift from Okawaru
 35472 | D:14     | Got a slimy crystal plate armour {god gift}
 35473 | D:14     | Identified the +8 crystal plate armour "Veju" {+Inv} (Okawaru gifted it to you on level 14 of the Dungeon)
 35583 | D:14     | Found Jyelurgh's Book Shop.
 35642 | D:14     | Found a white marble altar of Elyvilon.
 35902 | D:14     | Reached XP level 16. HP: 100/108 MP: 16/16
 35903 | D:14     | Noticed Azrael
 36149 | D:14     | Killed Azrael
 36200 | D:14     | Found a gate to the Vaults.
 36271 | D:15     | Entered Level 15 of the Dungeon
 36994 | D:15     | Found a staircase to the Depths.
 37174 | D:15     | Noticed Louise
 37203 | D:15     | Killed Louise
 37830 | Snake:1  | Entered Level 1 of the Snake Pit
 38074 | Snake:1  | Received a gift from Okawaru
 38074 | Snake:1  | Reached skill level 17 in Maces & Flails
 38075 | Snake:1  | Got a slimy robe {god gift}
 39241 | Snake:2  | Noticed Vashnia
 39275 | Snake:2  | Killed Vashnia
 39275 | Snake:2  | Reached XP level 17. HP: 43/116 MP: 17/17
 39785 | Snake:2  | Received a gift from Okawaru
 39786 | Snake:2  | Got an ichor-stained chain mail {god gift}
 40029 | Snake:3  | Reached skill level 18 in Maces & Flails
 40096 | Snake:3  | Identified the +1 chain mail "Ecvaina" {+Fly rF++ rC+ Stlth+} (Okawaru gifted it to you on level 2 of the Snake Pit)
 40232 | Snake:3  | Found a shimmering altar of Xom.
 40778 | Snake:3  | Found a sacrificial altar of Ru.
 40972 | Snake:4  | Entered Level 4 of the Snake Pit
 40981 | Snake:4  | Noticed Donald
 41021 | Snake:3  | Killed Donald
 41021 | Snake:3  | Received a gift from Okawaru
 41152 | Snake:3  | Got an iridescent mace {god gift}
 41162 | Snake:3  | Identified the +3 mace of Internal Strife {crush, rPois rN+ Str+4} (Okawaru gifted it to you on level 3 of the Snake Pit)
 41721 | Snake:4  | Reached skill level 19 in Maces & Flails
 41788 | Snake:4  | Reached XP level 18. HP: 122/125 MP: 18/18
 41858 | Snake:4  | Received a gift from Okawaru
 42576 | Snake:4  | Got a serpentine rune of Zot
 43196 | Elf:1    | Entered Level 1 of the Elven Halls
 43290 | Elf:1    | Received a gift from Okawaru
 43304 | Elf:1    | Got a shimmering scale mail {god gift}
 43634 | Elf:1    | Reached skill level 20 in Maces & Flails
 43657 | Elf:1    | Noticed a Brimstone Fiend
 43907 | Elf:1    | Identified Noasurui's Almanac of the Escort
 44708 | Elf:2    | Reached XP level 19. HP: 125/134 MP: 19/19
 44720 | Elf:2    | Found Bagat's Antique Weapon Shop.
 44738 | Elf:2    | Bought a glowing morningstar for 96 gold pieces
 45262 | Elf:2    | Found a huge runed gate.
 45262 | Elf:2    | Found a huge runed gate.
 45262 | Elf:2    | Found a huge runed gate.
 46103 | Elf:3    | Entered Level 3 of the Elven Halls
 46353 | Elf:3    | Found a huge runed gate.
 46353 | Elf:3    | Found a huge runed gate.
 46353 | Elf:3    | Found a huge runed gate.
 46354 | Elf:3    | Found a huge runed gate.
 46354 | Elf:3    | Found a huge runed gate.
 46357 | Elf:3    | Found a huge runed gate.
 46357 | Elf:3    | Found a huge runed gate.
 46357 | Elf:3    | Found a huge runed gate.
 46357 | Elf:3    | Found a huge runed gate.
 46357 | Elf:3    | Found a huge runed gate.
 46358 | Elf:3    | Found a huge runed gate.
 46359 | Elf:3    | Found a huge runed gate.
 46367 | Elf:3    | Found a huge runed gate.
 46367 | Elf:3    | Found a huge runed gate.
 46367 | Elf:3    | Found a huge runed gate.
 46367 | Elf:3    | Found a huge runed gate.
 46367 | Elf:3    | Found a huge runed gate.
 46367 | Elf:3    | Found a huge runed gate.
 46403 | Elf:3    | Noticed a Brimstone Fiend
 46628 | Elf:3    | Received a gift from Okawaru
 46927 | Elf:3    | Reached skill level 21 in Maces & Flails
 46932 | Elf:3    | Noticed a Brimstone Fiend
 47116 | Elf:2    | Got a fine copper ring
 47125 | Elf:3    | Noticed a Brimstone Fiend
 47579 | Elf:3    | Identified the ring "Hokkiom" {+Inv rF+++ MP+9 Slay-3} (You found it on level 2 of the Elven Halls)
 47613 | Elf:3    | Found a huge runed gate.
 47613 | Elf:3    | Found a huge runed gate.
 47613 | Elf:3    | Found a huge runed gate.
 47621 | Elf:3    | Found a huge runed gate.
 47621 | Elf:3    | Found a huge runed gate.
 47621 | Elf:3    | Found a huge runed gate.
 47621 | Elf:3    | Found a huge runed gate.
 47621 | Elf:3    | Found a huge runed gate.
 47621 | Elf:3    | Found a huge runed gate.
 47669 | Elf:3    | Noticed kazza789's ghost (mighty GrFi)
 47713 | Elf:3    | Killed kazza789's ghost
 47864 | Elf:3    | Received a gift from Okawaru
 47955 | Elf:3    | Got a brightly glowing chain mail
 48241 | Elf:3    | Reached XP level 20. HP: 71/144 MP: 20/20
 48485 | Elf:3    | Identified the +3 chain mail "Hon Suah" {Slay+2} (You took it off a deep elf high priest on level 3 of the Elven Halls)
 49142 | Elf:3    | Identified Sif Muna's Guide on Sinister Arts
 49998 | Elf:2    | Reached skill level 15 in Armour
 50948 | Shoals:1 | Entered Level 1 of the Shoals
 50970 | Shoals:1 | Reached skill level 15 in Shields
 51270 | Shoals:1 | Received a gift from Okawaru
 52135 | Shoals:1 | Upgraded the game from 0.17-a0-1596-g1e86911 to 0.17-a0-1614-g2062e81
 52149 | Shoals:2 | Noticed Aizul
 52171 | Shoals:2 | Killed Aizul
 52641 | Shoals:2 | Noticed Polyphemus
 52671 | Shoals:2 | Killed Polyphemus
 53078 | Shoals:2 | Identified a scroll of acquirement
 53389 | Shoals:3 | Noticed Ilsuiw
 53433 | Shoals:3 | Killed Ilsuiw
 54673 | Shoals:4 | Entered Level 4 of the Shoals
 54694 | Shoals:4 | Found a frozen archway.
 54792 | IceCv    | Entered an ice cave
 54869 | IceCv    | Noticed Shenaniganizer's ghost (powerful DrTm)
 54882 | IceCv    | Killed Shenaniganizer's ghost
 55079 | IceCv    | Received a gift from Okawaru
 55201 | IceCv    | Reached XP level 21. HP: 148/148 MP: 21/21
 55690 | IceCv    | Identified the Guide on Evil
 55694 | IceCv    | Identified the Tome of the Last Suns
 57066 | Shoals:4 | Got a glittering turquoise ring
 57068 | Shoals:4 | Identified the ring "Yhoritti" {+Inv rPois Dex-5 Stlth+} (You found it on level 4 of the Shoals)
 57842 | Shoals:4 | Got a barnacled rune of Zot
 58605 | Depths:1 | Entered Level 1 of the Depths
 58748 | Depths:1 | Found a one-way gate to the infinite horrors of the Abyss.
 58845 | Depths:1 | Received a gift from Okawaru
 58925 | Depths:1 | Found a gateway to Hell.
 59194 | Depths:1 | Found Asiown's Gadget Emporium.
 59874 | D:15     | Received a gift from Okawaru
 60207 | Depths:1 | Found Laik's Distillery.
 60225 | Depths:1 | Bought a potion of curing for 39 gold pieces
 60225 | Depths:1 | Bought a potion of haste for 130 gold pieces
 60225 | Depths:1 | Bought 2 potions of curing for 78 gold pieces
 60370 | Depths:1 | Found a one-way gate leading to the halls of Pandemonium.
 60373 | Depths:1 | Found Utemmua's Gadget Shoppe.
 61239 | Depths:1 | Found Ymusemo's Serpentskin Sales.
 61435 | D:15     | Reached XP level 22. HP: 155/155 MP: 22/22
 61510 | Vaults:1 | Entered Level 1 of the Vaults
 61690 | Vaults:1 | Received a gift from Okawaru
 63334 | Vaults:2 | Received a gift from Okawaru
 63573 | Vaults:2 | Reached skill level 22 in Maces & Flails
 63746 | Vaults:2 | Received a gift from Okawaru
 64702 | Vaults:2 | Got a bloodstained ring mail
 65617 | Vaults:2 | Identified the +3 ring mail of Anaesthesia {rElec rC+ Dex+3} (You found it on level 2 of the Vaults)
 65644 | Vaults:2 | Cast into the Abyss (a distortion unwield)
 65654 | Abyss:1  | Found a corrupted altar of Lugonu.
 65684 | Vaults:2 | Escaped the Abyss
 66122 | Vaults:3 | Found Heras's Antique Weapon Boutique.
 66621 | Vaults:3 | Reached XP level 23. HP: 141/161 MP: 23/23
 66723 | Vaults:3 | Received a gift from Okawaru
 67032 | Vaults:3 | Reached skill level 23 in Maces & Flails
 67235 | Vaults:3 | Found a staircase to the Crypt.
 69905 | Vaults:4 | Received a gift from Okawaru
 70412 | Vaults:5 | Entered Level 5 of the Vaults
 70828 | Vaults:5 | Reached skill level 24 in Maces & Flails
 70977 | Vaults:5 | Received a gift from Okawaru
 71149 | Vaults:5 | Reached XP level 24. HP: 49/171 MP: 23/23
 71274 | Vaults:5 | Noticed an ancient lich
 71297 | Vaults:5 | Killed an ancient lich
 72258 | Vaults:5 | Got a shimmering whip
 72259 | Vaults:5 | Identified the +1 whip of Qaecre {pain, rElec} (You took it off a deep elf demonologist on level 5 of the Vaults)
 72281 | Vaults:5 | Found Owkimybu's Armour Shoppe.
 72461 | Vaults:5 | Found Murroduc's Magic Scroll Emporium.
 72467 | Vaults:5 | Bought a scroll of teleportation for 45 gold pieces
 72626 | Vaults:5 | Received a gift from Okawaru
 73738 | Vaults:5 | Got a steaming scythe
 73740 | Vaults:5 | Identified the Volume of Flames and Attacks
 73748 | Vaults:5 | Got a silver rune of Zot
 73790 | Vaults:5 | Reached skill level 25 in Maces & Flails
 74102 | Vaults:5 | Found Laniops's Distillery.
 74102 | Vaults:5 | Found Wamojag's Distillery.
 74106 | Vaults:5 | Bought 2 potions of curing for 90 gold pieces
 74106 | Vaults:5 | Bought a potion of might for 60 gold pieces
 74106 | Vaults:5 | Bought a potion of might for 60 gold pieces
 74106 | Vaults:5 | Bought a potion of curing for 45 gold pieces
 74106 | Vaults:5 | Bought a potion of curing for 45 gold pieces
 74113 | Vaults:5 | Bought a potion of heal wounds for 70 gold pieces
 74113 | Vaults:5 | Bought a potion of experience for 700 gold pieces
 74113 | Vaults:5 | Bought a potion of might for 56 gold pieces
 74113 | Vaults:5 | Bought a potion of resistance for 140 gold pieces
 74152 | Vaults:5 | Found Ynampyw's Assorted Antiques.
 74506 | Vaults:5 | Reached XP level 25. HP: 161/178 MP: 23/23
 74809 | Vaults:5 | Cast into the Abyss (vault warden)
 74836 | Abyss:1  | Found a corrupted altar of Lugonu.
 74908 | Abyss:1  | Identified the cursed +0 scythe of the Gloaming {slice, MP+9 Str+2} (You found it on level 5 of the Vaults)
 74926 | Abyss:1  | Identified a +1 pair of boots of running (Okawaru gifted it to you on level 5 of the Vaults)
 75478 | Abyss:3  | Received a gift from Okawaru
 75915 | Abyss:3  | Found a sacrificial altar of Ru.
 75928 | Abyss:3  | Found a sacrificial altar of Ru.
 76277 | Abyss:3  | Noticed an ancient lich
 76980 | Abyss:3  | Lost intelligence.
 77024 | Abyss:3  | Found a corrupted altar of Lugonu.
 77312 | Abyss:3  | Paralysed by accursed screaming for 1 turns
 77362 | Abyss:3  | HP: 4/124 [starcursed mass/accursed screaming (5)]
 77363 | Abyss:3  | Killed from afar by a starcursed mass

Vault maps used:
D:1:      dpeg_arrival_simpleton_a, fountainhead, minmay_misc_feat_doors,
          nemelex_xobeh_ov_fountains_minmay
D:2:      nicolae_ashenzari_panopticon, nicolae_ru_path_of_blood, uniq_terence
D:3:      grunt_temple_overflow_open, first_bread, uniq_jessica
D:4:      lemuel_castle_with_subvaults, minmay_temple_entry_glassed_door,
          uniq_natasha
D:5:      gup_sewer_entry_bowl, lemuel_flame_loot_1
D:6:      lemuel_doored_altar, lemuel_blue_sif_altar, minmay_misc_feat_tower,
          minmay_strange_pillars, minmay_splitting_lines,
          minmay_gold_behind_fungi, bloody_trog
D:7:      kennysheep_little_box, serial_shops, nicolae_shop_behind_doors,
          kennysheep_small_square, uniq_menkaure, uniq_joseph
D:8:      david_lair_shrubbed
D:9:      zombieorc2_lemuel, grunt_ogre_cave
D:10:     uniq_urug
D:11:     lightli_church_of_beogh, uniq_sonja
D:12:     uniq_snorg
D:13:     nicolae_whirlpool, grunt_dithmenos_smoke
D:14:     david_vaults_2, serial_shops, nicolae_shop_trees, grunt_ministairs_14,
          elyvilon_altar_5, uniq_azrael
D:15:     grunt_enter_depths_hoard, corexii_hall_statues_t, uniq_louise
Temple:   cyrus_temple_forest_13
Lair:1:   nicolae_quartered_pool_super, lemuel_fruit_tree
Lair:2:   uniq_gastronok
Lair:3:   minmay_snake_entry_six_corridors
Lair:4:   cheibrodos_lair_reptile_den, serial_bayou_shore_b
Lair:5:   minmay_shoals_entry_lonely_mermaid, infiniplex_staircase_pool,
          grunt_megastairs_4, uniq_kirke, uniq_josephine
Lair:6:   minmay_slime_entry_jelly_boxes, uniq_rupert, uniq_nessos
Lair:7:   minmay_lindwurm_lava
Lair:8:   hangedman_lair_caniforms_friends
Shoals:2: uniq_aizul, uniq_polyphemus
Shoals:3: nicolae_shoals_circle_sea_wall, hangedman_shoal_octodias, uniq_ilsuiw
Shoals:4: portal_ice_cave_entry_pillars_03, shoals_end_simple, shoal_ilsuiw
Snake:1:  spider_trap
Snake:2:  guppyfry_library_mini, basic_stair_grate_trap, uniq_vashnia
Snake:3:  hangedman_feature_mirror
Snake:4:  grunt_snake_rune_pools, grunt_ministairs_2, uniq_donald
Orc:3:    basic_altar, nicolae_orc_pool_cavern
Orc:4:    st_orc_rangers, basic_altar, mines1_david
Elf:1:    eino_elf_arrival_customs, minmay_elf_demonology,
          minmay_misc_feat_diagonals
Elf:2:    serial_shops, shop_statue
Elf:3:    minmay_elf_hall_quartered_circle, door_vault
Vaults:1: v_misc_16, vaults_dpeg_hooks, vaults_mumra_hexcomb,
          vaults_mumra_chevron_long, hangedman_vaults_hat, v_misc_16,
          nicolae_vaults_yaktaur_gun_rack, hangedman_vaults_restitches,
          ontoclasm_vaults_hangar, nicolae_vaults_little_squares_6,
          nicolae_vaults_little_squares_3, vaults_room_door_hall,
          vaults_dpeg_cross, hangedman_vaults_stitches,
          nicolae_vaults_little_squares_2, ontoclasm_vaults_fault
Vaults:2: ontoclasm_vaults_eye, vaults_mumra_minichess_inversion,
          nicolae_vaults_angled_halls, v_misc_32, ontoclasm_vaults_twist,
          vaults_dpeg_ring, nicolae_vaults_murderbox, v_rooms_1, v_rooms_4,
          vaults_room_boxed, v_misc_8, nicolae_vaults_hallways_thing,
          vaults_dpeg_spiral, nicolae_vaults_little_squares_3, vaults_room_pools
Vaults:3: hangedman_vaults_locks, nicolae_vaults_gold_heap,
          hangedman_vaults_snaps, blue_anna_dwarven_crypt, st_diamondy,
          nicolae_vaults_little_squares_1, nicolae_vaults_alarming, v_misc_3,
          vaults_room_stairs_pillars, v_misc_23, serial_shops,
          nicolae_shop_crystal
Vaults:4: v_misc_1, ontoclasm_vaults_spin, grunt_vaults_funnel, v_misc_3,
          grunt_vaults_trifunnel, v_rooms_2, ontoclasm_vaults_loading_screen,
          nicolae_vaults_little_squares_3, nicolae_vaults_little_squares_5
Depths:1: moated_statue, pan_entry, hell_entry, serial_shops, shop, shop,
          nicolae_shop_stone, abyss_entry, st_stairs_9,
          serial_sigils_hangedman_carve, hangedman_abyss_or_decor_clamps,
          guppyfry_shop_venom
Depths:2: minmay_containers, enter_ziggurat_f, minmay_misc_feat_cross,
          pf_coc_iceberg, minmay_staircase_bubble, uniq_saint_roka
Abyss:2:  hangedman_relentless_pull
Abyss:3:  bh_abyss_exit_spiral
Sewer:    sewer_kobolds
IceCv:    ice_cave_caverns_03

Action                   |  1- 3 |  4- 6 |  7- 9 | 10-12 | 13-15 | 16-18 | 19-21 | 22-24 | 25-27 || total
-------------------------+-------+-------+-------+-------+-------+-------+-------+-------+-------++-------
Melee: Flail             |   129 |   177 |   699 |  1501 |  1003 |       |       |       |       ||  3509
       Demon whip        |       |       |       |       |  1613 |  1584 |       |       |       ||  3197
       Mace              |       |       |       |       |       |    43 |  3135 |  3669 |   564 ||  7411
Invok: Heroism           |       |       |     1 |    11 |     9 |     8 |    12 |    20 |    11 ||    72
 Abil: Fly               |       |       |       |       |     2 |       |     1 |       |     2 ||     5
       Stop Flying       |       |       |       |       |     2 |       |       |       |     2 ||     4
Evoke: Wand              |       |       |       |       |       |       |       |     2 |     6 ||     8
  Use: Scroll            |       |     1 |     7 |    21 |     7 |     8 |    10 |    12 |     6 ||    72
       Potion            |       |       |     3 |     3 |       |       |     2 |     7 |     7 ||    22
 Stab: Fleeing           |       |       |       |       |     1 |       |       |       |       ||     1
       Petrified         |       |       |       |       |       |       |     7 |       |       ||     7
       Petrifying        |       |       |       |       |       |       |     2 |       |       ||     2
  Eat: Chunk             |     3 |     7 |    19 |    26 |    32 |     9 |    32 |    31 |       ||   159
       Fruit             |       |       |     2 |       |       |       |     1 |       |       ||     3
       Beef jerky        |       |       |     1 |     2 |       |       |       |       |       ||     3
       Meat ration       |       |       |       |     2 |     3 |     3 |     5 |     3 |     2 ||    18
       Royal jelly       |       |       |       |       |     2 |     2 |     1 |       |       ||     5
